 Dungeon Crawl Stone Soup version 0.29-a0-1027-gcd8c55af63 (webtiles) character file.

Game seed: 12826451394979680605

76155 greenreed the Bludgeoner (level 15, -6/136 HPs)
             Began as a Minotaur Monk on Aug 13, 2022.
             Was a Plaything of Xom.
             Mangled by a merfolk
             ... wielding a +0 trident
             ... led by a merfolk aquamancer
              (32 damage)
             ... on level 2 of the Shoals.
             The game lasted 01:00:04 (15152 turns).

greenreed the Bludgeoner (Minotaur Monk)           Turns: 15152, Time: 01:00:05

Health: -6/136     AC: 29    Str: 33 (34) XL:     15   Next: 11%
Magic:  21/21      EV:  2    Int: 19      God:    Xom [...*..]
Gold:   2765       SH:  0    Dex: 11      Spells: 14/14 levels left

rFire   + . .      SeeInvis .   r - +8 great mace "Lixyis" {venom, Int+4 Stlth+}
rCold   + + .      Faith    .   (shield currently unavailable)
rNeg    . . .      Spirit   .   D - +6 plate armour of the Sun {rC+ MP+9 Dex+2}
rPois   .          Reflect  .   (helmet unavailable)
rElec   .          Harm     .   Q - +0 cloak {rF+}
rCorr   .          Rampage  .   l - +0 pair of gloves
Will    .....                   y - +0 pair of boots {Fly}
Stlth   ..........              J - amulet of regeneration
HPRegen 1.12/turn               o - ring "Tewkuzan" {EV+4 Str+4 Dex-2}
MPRegen 0.17/turn               z - ring "Cuhulooh" {Str+6 Int+5 Dex-2}

@: lit by a corona, sleeping, weak-willed, flying, glowing
A: horns 3, retaliatory headbutt, clever 1, cold resistance 1, deterioration 1,
frail 1, low MP 1, strong 1, MP-powered wands
a: Renounce Religion


You were on level 2 of the Shoals.
You worshipped Xom.
You were a favourite toy of Xom.
You visited 3 branches of the dungeon, and saw 18 of its levels.
You also visited: Bailey and Volcano.

You collected 3031 gold pieces.
You spent 266 gold pieces at shops.

Inventory:

Hand Weapons
 a - a +0 mace
 q - a +0 flail
 r - the +8 great mace "Lixyis" (weapon) {venom, Int+4 Stlth+}
   (You acquired it on level 5 of the Dungeon)

   It poisons the flesh of those it strikes.
   Int:       It affects your intelligence (+4).
   Stlth:     It makes you more stealthy.
 w - a +2 demon whip of flaming
Missiles
 n - 24 poisoned darts (quivered)
 B - 10 curare-tipped darts
 O - a throwing net
 Y - 3 atropa-tipped darts
Armour
 l - a +0 pair of gloves (worn)
 y - a +0 pair of boots of flying (worn)
 D - the +6 plate armour of the Sun (worn) {rC+ MP+9 Dex+2}
   (You found it on level 5 of the Lair of Beasts)

   Dex:       It affects your dexterity (+2).
   rC:        It protects you from cold.
   MP:        It affects your magic capacity (+9).
 Q - a +0 cloak of fire resistance (worn)
 X - a +0 kite shield
Jewellery
 e - a ring of positive energy
 i - a ring of willpower
 o - the ring "Tewkuzan" (left hand) {EV+4 Str+4 Dex-2}
   (Xom gifted it to you on level 3 of the Dungeon)

   [ring of evasion]

   EV:        It affects your evasion (+4).
   Str:       It affects your strength (+4).
   Dex:       It affects your dexterity (-2).
 t - a ring of fire
 x - a +4 ring of protection
 z - the ring "Cuhulooh" (right hand) {Str+6 Int+5 Dex-2}
   (You found it on level 2 of the Lair of Beasts)

   [ring of strength]

   Str:       It affects your strength (+6).
   Int:       It affects your intelligence (+5).
   Dex:       It affects your dexterity (-2).
 E - a +6 ring of dexterity
 I - a ring of poison resistance
 J - an amulet of regeneration (around neck)
 N - a ring of positive energy
 U - a +6 ring of strength
 W - a ring of fire
Wands
 C - a wand of flame (31)
 F - a wand of acid (14)
 G - a wand of charming (7)
 P - a wand of iceblast (6)
 R - a wand of polymorph (4)
 T - a wand of mindburst (16)
 V - a wand of digging (3)
Scrolls
 b - 2 scrolls of poison
 f - 5 scrolls of fog
 j - 8 scrolls of teleportation
 m - 2 scrolls of fear
 v - 2 scrolls of identify
 L - a scroll of enchant weapon
 S - 2 scrolls of enchant armour
 Z - a scroll of brand weapon
Potions
 c - 8 potions of ambrosia
 d - 2 potions of berserk rage
 g - 10 potions of curing
 h - 2 potions of lignification
 k - 2 potions of resistance
 s - 3 potions of attraction
 u - 4 potions of magic
 A - 3 potions of haste
 H - 2 potions of cancellation
 K - 2 potions of might
 M - a potion of invisibility


   Skills:
 + Level 19.2 Fighting
 - Level 20.0 Maces & Flails
 + Level 16.9 Armour
 + Level 5.7 Dodging
 + Level 6.3 Stealth
 + Level 1.2 Evocations


You had 14 spell levels left.
You didn't know any spells.
Your spell library contained the following spells:

 Spells                   Type           Power      Damage    Failure   Level
 Sting                    Tmut/Pois      0%         1d3       65%         1
 Blink                    Tloc           0%         N/A       78%         2
 Poisonous Vapours        Pois/Air       0%         N/A       78%         2
 Scorch                   Fire           0%         2d5       78%         2
 Sublimation of Blood     Necr           0%         N/A       78%         2
 Wereblood                Tmut           0%         N/A       78%         2
 Dazzling Flash           Conj/Hex       0%         N/A       95%         3
 Gell's Gravitas          Tloc           0%         N/A       95%         3
 Lesser Beckoning         Tloc           0%         N/A       95%         3
 Teleport Other           Tloc           0%         N/A       95%         3
 Tukima's Dance           Hex            0%         N/A       95%         3
 Corpse Rot               Necr/Pois/Air  0%         N/A       100%        4
 Dispel Undead            Necr           0%         3d6       100%        4
 Flame Wave               Conj/Fire      0%         2d4       100%        4
 Olgreb's Toxic Radiance  Pois           0%         N/A       100%        4
 Passage of Golubria      Tloc           0%         N/A       100%        4
 Agony                    Necr           0%         N/A       100%        5
 Manifold Assault         Tloc           0%         N/A       100%        5
 Silence                  Hex/Air        0%         N/A       100%        5
 Yara's Violent Unravell  Hex/Tmut       0%         3d3       100%        5
 Conjure Ball Lightning   Conj/Air       0%         3x3d6     100%        6
 Death Channel            Necr           0%         N/A       100%        6
 Summon Cactus Giant      Summ           0%         N/A       100%        6
 Summon Hydra             Summ           0%         N/A       100%        7
 Discord                  Hex            0%         N/A       100%        8
 Disjunction              Tloc           0%         N/A       100%        8


Dungeon Overview and Level Annotations

Branches:
Dungeon (11/15)            Temple (0/1) D:5            Lair (5/5) D:11
 Shoals (2/4) Lair:2        Snake (0/4) Lair:3        Slime (0/5) Lair:5
    Orc (0/2) D:10         Bailey (visited)         Volcano (visited)

Altars:
Dithmenos
Fedhas
Gozag
Kikubaaqudgha
Nemelex Xobeh
Qazlal
Ru
Trog
Uskayaw
Wu Jian
Xom
Yredelemnul
Zin
Jiyva

Shops:
D:10 [   Shoals:1 (((   Shoals:2 :[=(

Annotations:
Lair:2 exclusion: 4 oklob plants


Innate Abilities, Weirdness & Mutations

You have a pair of large horns on your head.
You reflexively headbutt those who attack you in melee.
Your mind is acute. (Int +4, Str/Dex -1)
Your flesh is cold resistant. (rC+)
Your body sometimes deteriorates upon taking damage.
You are frail. (-10% HP)
Your magical capacity is low. (-10% MP)
Your muscles are strong. (Str +4, Int/Dex -1)
You expend magic power (3 MP) to strengthen your wands.


Message History

Xom briefly touches your surroundings.
The faun hits you with a +2 spectral quarterstaff!
You crush the faun like a grape!!!
You kill the faun!
The satyr shoots an arrow.
The arrow hits your iron imp!!
Your iron imp dies!
Your iron imp disappears in a puff of smoke!
The faun hits you with a +0 club!
A merfolk javelineer comes into view.
It is wielding a +0 spear and quivering silver javelins.
A merfolk comes into view. It is wielding a +0 trident.
A merfolk aquamancer comes into view. It is wielding a +0 rapier.
The satyr shoots an arrow.
The arrow hits you!
* * * LOW HITPOINT WARNING * * *
The arrow burns you.
* * * LOW HITPOINT WARNING * * *
The faun hits you with a +0 club!!
* * * LOW HITPOINT WARNING * * *
Xom is interested.
The merfolk javelineer throws a silver javelin.
The silver javelin pierces through you.
* * * LOW HITPOINT WARNING * * *
The silver sears you!
* * * LOW HITPOINT WARNING * * *
Things that are here:
a +2 spectral quarterstaff; a +0 sling; a faun corpse You feel much better.
The merfolk aquamancer shouts!
You kill the faun!
The satyr shoots an arrow.
The arrow misses you.
A merfolk comes into view. It is wielding a +0 trident.
The merfolk shouts!
You bludgeon the satyr!!
The satyr looks as sick as possible!
You headbutt the satyr!!
The satyr is severely wounded.
The satyr plays a lulling melody on his pipes!
You fall asleep.
A water elemental comes into view.
The merfolk hits you from afar with a +0 trident!!
You die...
Xom is highly amused!

≈≈≈≈≈≈≈≈≈≈≈≈≈≈≈
≈≈≈≈≈≈≈≈≈≈≈≈≈≈≈≈
≈≈≈≈≈≈≈≈≈≈≈≈≈≈≈≈≈ ≈
≈≈≈≈≈≈≈≈≈≈≈≈≈≈≈≈≈≈ ≈≈
≈~~~~~~§~~~~~~≈≈≈≈≈ ~~
~~~~~~~....~~~≈≈≈≈≈≈ ~~~
~~~~~.§c....~~~≈≈≈≈≈~~~~
E~mmmm.@....~~~≈≈≈≈~~~~~
~~m...≈)....~~~≈≈~~~~~.~
~~...≈.≈)....~~~~~~~~...
~~..≈...≈....~~~~~~.....
~~.≈..∩..≈...~~~~~.##..~
~~..≈...≈.....~~~..# #.~
~~~..≈.≈.......~~..# #..
~~~~..≈._....#..~..# #..
~~~~........##..~.# #..


You could see a merfolk javelineer, a satyr (extremely poisoned), a merfolk
aquamancer, 3 merfolk and a water elemental (wandering).

Vanquished Creatures
  Rupert (Lair:4)
  A fenstrider witch (Shoals:1)
  An azure jelly (Lair:4)
  5 merfolk impalers
  8 hydras
  A merfolk avatar (Lair:5)
  Erolcha (D:9)
  An alligator snapping turtle (Shoals:2)
  A two-headed ogre (D:11)
  A merfolk aquamancer (shapeshifter) (Shoals:1)
  2 skeletal warriors (Volcano)
  10 sea snakes
  2 oklob plants (Lair:2)
  An anaconda skeleton (Volcano)
  An orc knight (Bailey)
  2 cyclopes
  6 harpies
  8 fauns
  9 manticores
  4 merfolk sirens
  4 black mambas
  3 water nymphs
  4 elephants (Lair:2)
  3 gargoyles (Volcano)
  A torpor snail (Lair:5)
  12 rime drakes
  13 cane toads
  8 komodo dragons
  An unseen horror (D:10)
  A queen bee (Lair:2)
  4 polar bears
  2 trolls (D:10)
  14 merfolk
  A hornet (Lair:5)
  4 wind drakes
  4 snapping turtles
  3 slime creatures (Lair:4)
  9 blink frogs
  3 dream sheep (Shoals:1)
  3 flying skulls (Volcano)
  An alligator skeleton (Volcano)
  3 shadows
  Sigmund (D:6)
  2 water elementals (Shoals:1)
  5 basilisks
  11 wyverns
  32 yaks
  A human (D:5)
  3 vampire mosquitoes (D:10)
  4 steam dragons
  3 nagas
  15 water moccasins
  5 orc warriors
  An ice beast (D:7)
  A sky beast (D:7)
  A black bear (D:5)
  10 wolves (Lair:2)
  An ogre (D:5)
  3 centaurs
  2 kobold brigands
  8 bullfrogs
  2 gnoll sergeants
  A necrophage (D:7)
  4 scorpions
  45 killer bees
  2 spriggan skeletons (Volcano)
  A howler monkey (D:7)
  An electric eel (Lair:5)
  2 hounds (D:5)
  8 jellies
  An orc priest (D:9)
  Terence (D:3)
  5 hell rats (Lair:5)
  4 orc wizards
  7 gnolls
  A river rat (Lair:2)
  5 adders
  2 white imps
  2 ufetubi (D:5)
  2 worms
  3 dart slugs
  24 orcs
  4 ball pythons
  12 endoplasms
  4 giant cockroaches
  13 goblins
  11 hobgoblins
  4 jackals (D:4)
  25 kobolds
  2 quokkas
  4 bats
  5 frilled lizards
  4 rats
487 creatures vanquished.

Vanquished Creatures (collateral kills)
  A satyr (Shoals:2)
  A cyclops (D:11)
  A water nymph (Shoals:1)
  A water elemental (Shoals:1)
  A wyvern (D:11)
  A wraith (D:11)
  A shadow (D:11)
  4 yaks (D:11)
  2 basilisks
  3 water moccasins (D:11)
  An orc warrior (Bailey)
  A scorpion (D:11)
  2 orc wizards (D:11)
  3 orcs
  A goblin (Bailey)
  4 kobolds (Bailey)
28 creatures vanquished.

Vanquished Creatures (others)
  A human (D:3)
  An orc wizard (D:3)
  A naga skeleton (Volcano)
  13 fungi
  42 plants
58 creatures vanquished.

Grand Total: 573 creatures vanquished

Notes
Turn   | Place    | Note
-------+----------+-------------------------------------------
     0 | D:1      | greenreed the Minotaur Monk began the quest for the Orb.
     0 | D:1      | Reached XP level 1. HP: 19/19 MP: 0/0
    83 | D:1      | Reached XP level 2. HP: 27/27 MP: 1/1
   297 | D:1      | Reached skill level 4 in Maces & Flails
   526 | D:1      | Found a faded altar of an unknown god.
   528 | D:1      | Prayed at the altar of an unknown god.
   528 | D:1      | Became a worshipper of The Xom-Meister
   619 | D:2      | Reached XP level 3. HP: 33/33 MP: 2/2
   624 | D:2      | Identified the +2 leather armour "Inilo" {Int+4}
  1101 | D:2      | Reached XP level 4. HP: 13/40 MP: 3/3
  1188 | D:2      | XOM: god gift: plate armour {god gift}
  1345 | D:2      | Found an ancient bone altar of Kikubaaqudgha.
  1706 | D:3      | XOM: cast spell 'Alistair's Intoxication'
  1754 | D:3      | Found an ancient bone altar of Kikubaaqudgha.
  1756 | D:3      | Noticed a human
  1764 | D:3      | Killed a human
  1808 | D:3      | Identified the ring "Tewkuzan" {EV+4 Str+4 Dex-2} (Xom
                  | gifted it to you on level 3 of the Dungeon)
  1808 | D:3      | XOM: god gift: ring "Tewkuzan" {EV+4 Str+4 Dex-2}
  1968 | D:3      | Noticed Terence
  1970 | D:3      | Reached skill level 5 in Maces & Flails
  1970 | D:3      | Reached skill level 1 in Armour
  1986 | D:3      | Reached XP level 5. HP: 36/43 MP: 4/4
  1992 | D:3      | Killed Terence
  2071 | D:3      | XOM: summons 1 hostile shadow creature
  2518 | D:4      | Found a shimmering altar of Xom.
  2556 | D:4      | XOM: 2-stop teleportation journey
  2703 | D:4      | Found a hide-covered altar of Uskayaw.
  2898 | D:4      | XOM: summons 3 hostile demons
  2899 | D:4      | Noticed a red devil
  2924 | D:5      | Entered Level 5 of the Dungeon
  3038 | D:5      | Noticed an ogre
  3040 | D:5      | Killed an ogre
  3041 | D:5      | Reached skill level 6 in Maces & Flails
  3091 | D:5      | Reached XP level 6. HP: 53/53 MP: 5/5
  3195 | D:5      | XOM: smoke on damage
  3240 | D:5      | XOM: confusion
  3506 | D:5      | Noticed a human
  3506 | D:5      | an ogre changed into a human
  3506 | D:5      | XOM: polymorph ogre -> human
  3510 | D:5      | XOM: potion effect (invisibility)
  3518 | D:5      | Killed a human
  3519 | D:5      | Reached skill level 5 in Fighting
  3519 | D:5      | Reached skill level 7 in Maces & Flails
  3519 | D:5      | Reached XP level 7. HP: 51/61 MP: 6/6
  3701 | D:5      | Found a staircase to the Ecumenical Temple.
  3911 | D:5      | XOM: give mutations
  3911 | D:5      | Gained mutation: You are clumsy. (Dex -2) [Xom's mischief]
  3911 | D:5      | Gained mutation: You are frail. (-10% HP) [Xom's mischief]
  3911 | D:5      | Gained mutation: Your magical capacity is low. (-10% MP)
                  | [Xom's mischief]
  3911 | D:5      | Gained mutation: You are very clumsy. (Dex -4) [Xom's
                  | mischief]
  3933 | D:5      | Identified 2 scrolls of acquirement
  3943 | D:5      | Lost mutation: You are very clumsy. (Dex -4) [potion of
                  | mutation]
  3943 | D:5      | Lost mutation: You are frail. (-10% HP) [potion of
                  | mutation]
  3943 | D:5      | Gained mutation: Your system is resistant to poisons.
                  | (rPois) [potion of mutation]
  3943 | D:5      | Gained mutation: You have a pair of large horns on your
                  | head. [potion of mutation]
  3944 | D:5      | Acquired the +8 great mace "Lixyis" {venom, Int+4 Stlth+}
  3947 | D:5      | Acquired a manual of Maces & Flails
  3984 | D:5      | Reached skill level 8 in Maces & Flails
  4348 | D:6      | Reached skill level 5 in Armour
  4415 | D:6      | Found a shadowy altar of Dithmenos.
  4656 | D:6      | Found an ornate altar of the Wu Jian Council.
  4726 | D:6      | Noticed Sigmund
  4730 | D:6      | Killed Sigmund
  4731 | D:6      | Reached skill level 9 in Maces & Flails
  4731 | D:6      | Reached XP level 8. HP: 68/70 MP: 6/6
  4780 | D:6      | Reached skill level 10 in Maces & Flails
  4906 | D:6      | XOM: give mutations
  4906 | D:6      | Gained mutation: You are covered in fur. (AC +1) [Xom's
                  | mischief]
  4906 | D:6      | Lost mutation: You are clumsy. (Dex -2) [Xom's mischief]
  4997 | D:7      | XOM: silly message
  4999 | D:7      | XOM: polymorph sky beast -> ice beast
  5200 | D:7      | Reached skill level 11 in Maces & Flails
  5546 | D:7      | XOM: silly message
  5656 | D:7      | Reached skill level 12 in Maces & Flails
  5657 | D:7      | Reached XP level 9. HP: 75/78 MP: 7/7
  5978 | D:8      | XOM: potion effect (haste)
  5984 | D:8      | Reached skill level 13 in Maces & Flails
  5999 | D:8      | You fall into a shaft and drop 2 floors!
  5999 | D:10     | Entered Level 10 of the Dungeon
  6137 | D:10     | Killed an unseen horror
  6286 | D:9      | Found a flagged portal.
  6295 | D:9      | XOM: scenery: summon butterflies
  6304 | Bailey   | Entered a bailey
  6333 | Bailey   | XOM: summons 2 friendly demons
  6344 | Bailey   | Noticed an orc knight
  6353 | Bailey   | Killed an orc knight
  6354 | Bailey   | Reached skill level 14 in Maces & Flails
  6371 | Bailey   | XOM: polymorph orc -> hobgoblin
  6381 | Bailey   | XOM: enchant monster (good)
  6382 | Bailey   | Reached skill level 15 in Maces & Flails
  6490 | Bailey   | Identified the +2 mace of Beogh's Castigation {drain,
                  | Int+3}
  6557 | D:9      | XOM: scenery: create altars
  6564 | D:9      | Noticed Erolcha
  6604 | D:9      | Killed Erolcha
  6605 | D:9      | Reached XP level 10. HP: 90/90 MP: 8/8
  6611 | D:9      | Reached skill level 16 in Maces & Flails
  6693 | D:9      | XOM: scenery: summon butterflies
  6703 | D:9      | XOM: confusion
  6712 | D:9      | XOM: 1-stop teleportation journey
  6776 | D:9      | Found a stormy altar of Qazlal.
  6965 | D:10     | Noticed Sonja
  6970 | D:10     | Noticed Sonja
  6970 | D:10     | Sonja changed into Sonja the naga
  6970 | D:10     | XOM: polymorph Sonja -> Sonja the naga
  6979 | D:10     | Killed Sonja the naga
  6980 | D:10     | Found a basalt altar of Yredelemnul.
  6980 | D:10     | Found a glowing silver altar of Zin.
  6980 | D:10     | Found an opulent altar of Gozag.
  6980 | D:10     | Found a bloodstained altar of Trog.
  6980 | D:10     | XOM: 7-stop teleportation journey
  7068 | D:10     | Found a staircase to the Orcish Mines.
  7068 | D:10     | XOM: swap monsters
  7069 | D:10     | XOM: blink monster(s)
  7074 | D:10     | XOM: enchant monster (bad)
  7080 | D:10     | Found Zeob's Antique Armour Emporium.
  7094 | D:10     | Reached skill level 17 in Maces & Flails
  7127 | D:10     | Bought a pair of slimy gloves for 266 gold pieces
  7127 | D:10     | Identified the +4 pair of gloves of Tender Moments {Harm
                  | *Corrode +Blink Int+6} (You bought it in a shop on level 10
                  | of the Dungeon)
  7278 | D:10     | XOM: noise
  7280 | D:10     | XOM: give mutations
  7280 | D:10     | Gained mutation: You possess an exceptional clarity of
                  | mind. [Xom's mischief]
  7280 | D:10     | Lost mutation: You are covered in fur. (AC +1) [Xom's
                  | mischief]
  7336 | D:10     | XOM: potion effect (invisibility)
  7338 | D:10     | XOM: silly message
  7600 | D:10     | Found a sacrificial altar of Ru.
  7600 | D:10     | Found a sparkling altar of Nemelex Xobeh.
  7700 | D:11     | XOM: 1-stop teleportation journey
  7776 | D:11     | Noticed a two-headed ogre
  7781 | D:11     | Killed a two-headed ogre
  7782 | D:11     | Reached skill level 10 in Fighting
  7782 | D:11     | Reached XP level 11. HP: 83/99 MP: 8/8
  7856 | D:11     | Reached skill level 10 in Armour
  7861 | D:11     | Reached skill level 18 in Maces & Flails
  7875 | D:11     | Found a staircase to the Lair.
  7970 | D:11     | XOM: summons friendly red devil
  8221 | Lair:1   | Entered Level 1 of the Lair of Beasts
  8382 | Lair:1   | XOM: divination: magic mapping
  8394 | Lair:1   | Reached skill level 19 in Maces & Flails
  8552 | Lair:1   | XOM: cleaving
  8700 | Lair:1   | Reached XP level 12. HP: 111/111 MP: 9/9
  8947 | Lair:2   | You are sucked into a shaft and drop 1 floor!
  8978 | Lair:3   | Found a dark tunnel.
  8995 | Volcano  | Entered a volcano
  9068 | Volcano  | XOM: fog
  9110 | Volcano  | XOM: fog
  9134 | Volcano  | XOM: scenery: 3 doors open, 3 doors close
  9252 | Volcano  | XOM: potion effect (berserk rage)
  9271 | Volcano  | XOM: noise
  9272 | Volcano  | XOM: scenery: 2 doors open, 1 doors close
  9289 | Volcano  | XOM: cleaving
  9298 | Volcano  | XOM: scenery: 2 doors close
  9493 | Lair:3   | Noticed a seven-headed hydra
  9498 | Lair:3   | Killed a seven-headed hydra
  9583 | Lair:3   | Found a staircase to the Snake Pit.
  9588 | Lair:3   | Reached skill level 20 in Maces & Flails
  9820 | Lair:3   | Noticed an eight-headed hydra
  9822 | Lair:3   | XOM: summons friendly quasit
  9825 | Lair:3   | XOM: smoke on damage
  9827 | Lair:3   | Killed an eight-headed hydra
  9828 | Lair:3   | Reached skill level 5 in Dodging
  9838 | Lair:3   | XOM: cleaving
  9911 | Lair:3   | XOM: god gift: book of Spatial Translocations
 10097 | Lair:3   | XOM is BORED!
 10097 | Lair:3   | XOM: give mutation
 10097 | Lair:3   | Gained mutation: You are frail. (-10% HP) [Xom's mischief]
 10232 | Lair:4   | XOM: divination: detect creatures
 10277 | Lair:4   | XOM: give mutation
 10277 | Lair:4   | Gained mutation: You expend magic power (3 MP) to
                  | strengthen your wands. [Xom's mischief]
 10299 | Lair:4   | XOM: silly message
 10396 | Lair:4   | XOM: stat loss: -1 Int (10/11)
 10445 | Lair:4   | Noticed Rupert
 10445 | Lair:4   | XOM: enchant monster (good)
 10456 | Lair:4   | Killed Rupert
 10505 | Lair:4   | XOM: silly message
 10636 | Lair:4   | Identified the +0 spear of the Volcano {drain, Str+2 Dex+4}
 10676 | Lair:4   | Noticed an azure jelly
 10691 | Lair:4   | Killed an azure jelly
 10692 | Lair:4   | Reached XP level 13. HP: 25/110 MP: 10/10
 10953 | Lair:5   | Entered Level 5 of the Lair of Beasts
 10957 | Lair:5   | Found a runed translucent door.
 10957 | Lair:5   | Found a viscous altar of Jiyva.
 10957 | Lair:5   | Found a staircase to the Slime Pits.
 11037 | Lair:4   | XOM: chaos cloud
 11042 | Lair:4   | Reached skill level 1 in Evocations
 11225 | Lair:5   | Identified the +1 long sword "Dotifek" {venom, Int-4 Dex+5}
 11255 | Lair:5   | Reached skill level 15 in Fighting
 11281 | Lair:5   | XOM: noise
 11343 | Lair:5   | Identified the +6 plate armour of the Sun {rC+ MP+9 Dex+2}
 11368 | Lair:5   | XOM: enchant monster (good)
 11496 | Lair:5   | XOM: noise
 11505 | Lair:5   | XOM: divination: magic mapping
 11518 | Lair:5   | XOM: god gift: 6 stones
 11614 | Lair:5   | XOM: summons 9 friendly demons
 11618 | Lair:5   | XOM: scenery: create altars
 11620 | Lair:5   | Reached skill level 5 in Stealth
 11626 | Lair:5   | XOM: confuse monster(s)
 11681 | Lair:5   | XOM: enchant monster (bad)
 11682 | Lair:5   | XOM: scenery: create altars
 12037 | Lair:2   | XOM: scenery: summon butterflies
 12099 | Lair:2   | Found a staircase to the Shoals.
 12139 | Lair:2   | XOM: destruction
 12144 | Lair:2   | XOM: summons 3 friendly demons
 12229 | Lair:2   | XOM: enchant monster (good)
 12265 | Lair:2   | XOM: cast spell 'Summon Cactus Giant'
 12297 | Lair:2   | XOM: potion effect (invisibility)
 12298 | Lair:2   | Reached XP level 14. HP: 118/124 MP: 11/11
 12301 | Lair:2   | Reached skill level 15 in Armour
 12427 | Lair:2   | XOM: silly message
 12489 | Lair:2   | Identified the ring "Cuhulooh" {Str+6 Int+5 Dex-2}
 12865 | Lair:2   | Found a blossoming altar of Fedhas.
 13055 | Shoals:1 | Entered Level 1 of the Shoals
 13150 | Shoals:1 | XOM: potion effect (curing)
 13266 | Shoals:1 | XOM: summons friendly quasit
 13326 | Shoals:1 | Found Keweq's Antique Weapon Boutique.
 13357 | Shoals:1 | XOM: chaos upgrade
 13382 | Shoals:1 | XOM: polymorph quasit -> white imp
 13607 | Shoals:1 | Lost mutation: You possess an exceptional clarity of mind.
                  | [potion of mutation]
 13607 | Shoals:1 | Lost mutation: Your system is resistant to poisons. (rPois)
                  | [potion of mutation]
 13607 | Shoals:1 | Gained mutation: Your muscles are strong. (Str +4, Int/Dex
                  | -1) [potion of mutation]
 13607 | Shoals:1 | Gained mutation: Your body sometimes deteriorates upon
                  | taking damage. [potion of mutation]
 13607 | Shoals:1 | Gained mutation: Your flesh is cold resistant. (rC+)
                  | [potion of mutation]
 13636 | Shoals:1 | XOM: confusion (+ monsters)
 13645 | Shoals:1 | Found Ompe's Antique Weapon Shoppe.
 13672 | Shoals:1 | XOM: 3-stop teleportation journey
 13925 | Shoals:1 | Noticed a kraken
 13926 | Shoals:1 | XOM: confuse monster(s)
 13930 | Shoals:1 | Noticed a fenstrider witch
 13930 | Shoals:1 | a kraken changed into a fenstrider witch
 13930 | Shoals:1 | XOM: polymorph kraken -> fenstrider witch
 13935 | Shoals:1 | Killed a fenstrider witch
 13936 | Shoals:1 | XOM: 3-stop teleportation journey
 13978 | Shoals:1 | XOM: polymorph merfolk aquamancer -> merfolk aquamancer
 13981 | Shoals:1 | XOM: summons 3 friendly demons
 14063 | Shoals:1 | XOM: give mutation
 14063 | Shoals:1 | Gained mutation: Your mind is acute. (Int +4, Str/Dex -1)
                  | [Xom's grace]
 14245 | Shoals:1 | XOM: enchant monster (good)
 14280 | Shoals:1 | Found Naph's Antique Weapon Boutique.
 14448 | Shoals:2 | XOM: divination: detect items
 14451 | Shoals:2 | XOM: noise
 14470 | Shoals:2 | XOM: potion effect (curing)
 14503 | Shoals:2 | XOM: cast spell 'Olgreb's Toxic Radiance'
 14559 | Shoals:2 | Found Xeskicem's Book Shop.
 14581 | Shoals:2 | XOM: potion effect (haste)
 14584 | Shoals:2 | XOM: cast spell 'Summon Mana Viper'
 14586 | Shoals:2 | XOM: divination: magic mapping
 14595 | Shoals:2 | Reached XP level 15. HP: 30/136 MP: 12/12
 14767 | Shoals:2 | Found Kaesounn's Jewellery Emporium.
 14809 | Shoals:2 | Found Hyer's Weapon Boutique.
 15078 | Shoals:2 | XOM: 1-stop teleportation journey
 15138 | Shoals:2 | Found Xikyar's Antique Armour Boutique.
 15142 | Shoals:2 | XOM: summons friendly iron imp
 15147 | Shoals:2 | XOM: scenery: create altars
 15149 | Shoals:2 | HP: 5/136 [merfolk javelineer/silver javelin (4)]
 15152 | Shoals:2 | Mangled by a merfolk

Illustrated notes

Levels and vault maps discovered:
D:1:      moated_graveyard_arrival, layout_basic,
          chequers_ecumenical_altar_twisty
D:2:      layout_loops_ring, basic_altar, hangedman_decor_growths,
          hangedman_decor_opposing, minivault_5
D:3:      layout_loops_ring, tgw_kikubaaqudgha, uniq_terence
D:4:      layout_rooms, mainiacjoe_overflow_catwalk_spiral, serial_glass,
          glass_columns_a, glass_columns_b
D:5:      layout_basic, minmay_temple_entry_tees, minmay_starry_boxes
D:6:      layout_basic, nzn_wu_jian_council_hall,
          grunt_dithmenos_smoke_and_mirrors, uniq_sigmund
D:7:      layout_loops_ring, serial_aquarium, aquarium_bridge_square
          [aquarium_subvault_wall, aquarium_subvault_bridge,
          aquarium_subvault_wall, aquarium_subvault_bridge],
          aquarium_window_corridor_2, aquarium_window_fake,
          aquarium_window_fake, aquarium_window_fake, aquarium_view_2e,
          aquarium_pool_corner, kennysheep_pointless_box
D:8:      layout_basic, serial_rivers, chequers_serial_rivers_micro_d,
          chequers_serial_rivers_large_b, chequers_serial_rivers_large_a,
          chequers_serial_rivers_room_b, chequers_serial_rivers_marsh
D:9:      layout_cave_pools, nicolae_qazlal_general_emergency, enter_bailey_5,
          uniq_erolcha
D:10:     layout_stronghold, nicolae_overflow_hallway_of_the_gods, orc_0_dummy,
          serial_shops, nicolae_diamond_shop, uniq_sonja
D:11:     layout_roguey, minmay_lair_entry_grove
Lair:1:   layout_misc_corridors, cheibrodos_lair_reptile_den,
          serial_bayou_shore_a
Lair:2:   hangedman_what_comes_after_a, layout_long_grid,
          elwin_shoals_entry_rocks, hangedman_tree_tricks, grunt_megastairs_3,
          lemuel_fruit_fields
Lair:3:   layout_gridlike, guppyfry_snake_entry_garden,
          nicolae_volcano_entry_hallway
Lair:4:   layout_cave_pods, nicolae_lair_time_for_slime, uniq_rupert
Lair:5:   gammafunk_lair_ancient_temple, layout_long_grid, slime_entry_2,
          special_room [special_room_mythical_zoo], amcnicky_mini_pool_medium
Shoals:1: layout_shoals, serial_shops, shop, shop, shop
Shoals:2: layout_shoals, serial_shops, nicolae_shop_bloodbath_and_beyond, shop,
          nicolae_diamond_shop, shop_statue, shop_fountains

Skill      XL: |  1  2  3  4  5  6  7  8  9 10 11 12 13 14 |
---------------+-------------------------------------------+-----
Fighting       | 4 5 6 8 10 11 13 16 19 | 19.2
Maces & Flails | 4 5 6 7 9 12 15 17 19 20 | 20.0
Armour         | 1 2 4 5 7 8 9 10 12 14 16 | 16.9
Dodging        | 4 5 |  5.7
Stealth        | 2 3 4 5 6 |  6.3
Evocations     | 1 |  1.2

Action                   |  1- 3 |  4- 6 |  7- 9 | 10-12 | 13-15 || total
-------------------------+-------+-------+-------+-------+-------++-------
Melee: Mace              |    73 |    61 |       |       |       ||   134
       Headbutt          |     6 |    16 |    18 |    71 |   114 ||   225
       Punch             |       |     1 |     1 |       |       ||     2
       Flail             |       |    68 |    24 |       |       ||    92
       Great mace        |       |       |   117 |   305 |   512 ||   934
Evoke: Wand              |       |       |       |     4 |       ||     4
  Use: Scroll            |       |       |    18 |     8 |     5 ||    31
       Potion            |       |       |     3 |       |     7 ||    10
 Stab: Sleeping          |     3 |       |       |     1 |       ||     4
       Invisible         |       |     1 |     1 |     2 |    12 ||    16
       Paralysed         |       |       |     1 |       |       ||     1
       Petrified         |       |       |       |     4 |     3 ||     7
       Confused          |       |       |       |       |     2 ||     2
       Petrifying        |       |       |       |       |     1 ||     1
Armor: Robe              |    10 |       |       |       |       ||    10
       Leather armour    |    16 |       |       |       |       ||    16
       Plate armour      |       |    60 |   114 |   156 |   336 ||   666
Dodge: Dodged            |    49 |    54 |   121 |   180 |   362 ||   766

Table legend: (Time is in decaauts)
 A = Elapsed time spent in this place.
 B = Non-inter-level travel time spent in this place.
 C = Inter-level travel time spent in this place.
 D = Time resting spent in this place.
 E = Time spent auto-exploring this place.
 F = Levels seen in this place.
 G = Mean time per level.
                   A        B        C        D        E       F      G
               +--------+--------+--------+--------+--------+-----+--------+
         Total |  14951 |  14347 |    604 |    638 |  10502 |  20 |  747.5 |
       Dungeon |   8009 |   7731 |    278 |    148 |   6189 |  11 |  728.1 |
          Lair |   4368 |   4087 |    281 |    282 |   2859 |   5 |  873.6 |
        Shoals |   1857 |   1812 |     45 |    180 |   1161 |   2 |  928.5 |
        Bailey |    226 |    226 |      0 |      0 |     65 |   1 |  226.0 |
       Volcano |    489 |    489 |      0 |     28 |    227 |   1 |  489.0 |
               +--------+--------+--------+--------+--------+-----+--------+

Top non-repeatable levels by time:
     D:5: 1391 daAuts
Shoals:1: 1187 daAuts
  Lair:2: 1154 daAuts
     D:2: 1065 daAuts
  Lair:4: 977 daAuts
    D:10: 973 daAuts
  Lair:5: 868 daAuts
     D:7: 866 daAuts
     D:3: 851 daAuts
  Lair:1: 702 daAuts
     D:6: 685 daAuts
Shoals:2: 670 daAuts
  Lair:3: 665 daAuts
     D:1: 574 daAuts
    D:11: 515 daAuts
